 Dungeon Crawl Stone Soup version 0.25.1-2-g60ff931df9 (webtiles) character file.

Game seed: 7634361651319502895

9412 Artemis the Cleaver (level 11, -4/91 HPs)
             Began as a Minotaur Fighter on Sept 6, 2020.
             Was a High Priest of Okawaru.
             Slain by an unseen horror (9 damage)
             ... on level 15 of the Dungeon.
             The game lasted 00:50:12 (11883 turns).

Artemis the Cleaver (Minotaur Fighter)             Turns: 11883, Time: 00:50:12

Health: -4/91      AC: 13    Str: 24    XL:     11   Next: 22%
Magic:  0/13       EV: 10    Int:  5    God:    Okawaru [*****.]
Gold:   729        SH: 12    Dex: 10    Spells: 13/15 levels left

rFire    + + .     SeeInvis .   F - +6 war axe "Ewnuaf" {vorpal, rPois rC+}
rCold    + . .     Gourm    .   c - +1 kite shield
rNeg     . . .     Faith    .   i - +1 ring mail {rF+}
rPois    +         Spirit   +   p - +0 hat
rElec    .         Reflect  .   (no cloak)
rCorr    .         Harm     .   h - +2 pair of gloves
MR       .....                  q - +1 pair of boots
Stlth    +.........             m - amulet of guardian spirit
HPRegen  0.25/turn              B - ring of poison resistance
MPRegen  0.13/turn              x - ring of protection from fire

@: marked, very slightly contaminated, hasted, very quick
A: retaliatory headbutt, horns 2
a: Heroism, Finesse, Renounce Religion


You were on level 15 of the Dungeon.
You worshipped Okawaru.
Okawaru was extremely pleased with you.
You were not hungry.

You visited 2 branches of the dungeon, and saw 14 of its levels.

You collected 729 gold pieces.

Inventory:

Hand Weapons
 A - a +7 quick blade
 F - the +6 war axe "Ewnuaf" (weapon) {vorpal, rPois rC+}
   (You took it off an orc priest on level 5 of the Dungeon)

   It inflicts extra damage upon your enemies.
   It protects you from cold.
   It protects you from poison.
Missiles
 n - a boomerang of dispersal
 G - 35 poisoned darts (quivered)
Armour
 c - a +1 kite shield (worn)
 h - a +2 pair of gloves (worn)
 i - a +1 ring mail of fire resistance (worn)
 p - a +0 hat (worn)
 q - a +1 pair of boots (worn)
 w - a +0 plate armour
 y - the +3 leather armour of the Elephant {rC+ Int+4}
   (You found it on level 4 of the Dungeon)

   It affects your intelligence (+4).
   It protects you from cold.
 J - a +2 robe of magic resistance
Jewellery
 a - an uncursed ring of protection from cold
 k - an uncursed ring of wizardry
 m - an amulet of guardian spirit (around neck)
 x - a ring of protection from fire (right hand)
 B - a ring of poison resistance (left hand)
 M - an uncursed ring of magical power
Wands
 E - a wand of random effects (11)
 K - a wand of digging (3)
Scrolls
 b - 5 scrolls of remove curse
 l - 3 scrolls of teleportation
 t - 4 scrolls of identify
 C - a scroll of enchant weapon
 L - a scroll of fear
 O - a scroll of enchant armour
 P - 2 scrolls of magic mapping
Potions
 d - a potion of might
 j - a potion of stabbing
 o - a potion of resistance
 r - 2 potions of mutation
 s - 2 potions of flight
 u - a potion of cancellation
 v - a potion of haste
 z - a potion of berserk rage
Comestibles
 f - 21 rations
 g - 2 chunks of flesh


   Skills:
 + Level 6.8 Fighting
 - Level 5.3 Short Blades
 * Level 11.9(12.1) Axes
   Level 3.1(8.4) Polearms
 + Level 7.9 Armour
 - Level 1.5 Dodging
 - Level 0.2 Stealth
 + Level 8.2 Shields
 * Level 2.5 Spellcasting
 * Level 2.6 Charms
 * Level 2.7 Air Magic
 * Level 5.2 Invocations


You had 13 spell levels left.
You knew the following spells:

 Your Spells              Type           Power        Failure   Level  Hunger
a - Swiftness             Chrm/Air       #.......     56%         2    ###....

Your spell library contained the following spells:

 Spells                   Type           Power        Failure   Level  Hunger
 Shock                    Conj/Air       #...         63%         1    ##.....
 Poisonous Vapours        Pois/Air       #.....       77%         2    ###....
 Summon Small Mammal      Summ           #...         82%         1    ##.....
 Call Imp                 Summ           #.......     91%         2    ###....
 Static Discharge         Conj/Air       #.......     94%         3    ####...
 Mephitic Cloud           Conj/Pois/Air  #.......     96%         3    ####...
 Call Canine Familiar     Summ           #.......     99%         3    ####...
 Conjure Flame            Conj/Fire      #.......     99%         3    ####...
 Summon Guardian Golem    Hex/Summ       #.......     99%         3    ####...
 Airstrike                Air            #.........   99%         4    #####..
 Summon Ice Beast         Ice/Summ       #.......     100%        4    #####..
 Summon Lightning Spire   Summ/Air       #.......     100%        4    #####..
 Lightning Bolt           Conj/Air       #.........   100%        5    ######.
 Freezing Cloud           Conj/Ice/Air   #.........   100%        6    #######
 Ring of Flames           Chrm/Fire      #.........   100%        7    #######


Dungeon Overview and Level Annotations

Branches:
Dungeon (12/15)            Temple (1/1) D:4            Lair (0/6) D:8
    Orc (0/2) D:9

Altars:
Ashenzari
Cheibriados
Dithmenos
Elyvilon
Fedhas
Gozag
Hepliaklqana
Kikubaaqudgha
Makhleb
Nemelex Xobeh
Okawaru
Qazlal
Ru
Sif Muna
Trog
Uskayaw
Vehumet
Wu Jian
Xom
Yredelemnul
Zin
The Shining One

Shops:
D:6 %   D:8 [

Annotations:
D:15 Agnes


Innate Abilities, Weirdness & Mutations

You reflexively headbutt those who attack you in melee.
You have a pair of horns on your head.


Message History

You block the shadow's attack.
Found 24 sling bullets.
Your surroundings suddenly seem different.
You start resting.
A deep elf mage comes into view. It is wielding a +0 rapier.
The deep elf mage mumbles some strange words.
The deep elf mage mumbles some strange words.
The deep elf mage blinks!
Something hits you.
* * * LOW HITPOINT WARNING * * *
Something completely misses you. Something hits you but does no damage.
An acid dragon comes into view.
Something hits you.
* * * LOW HITPOINT WARNING * * *
The deep elf mage mumbles some strange words.
The hell rat disappears in a puff of smoke!
Something hits you but does no damage. Something hits you!
You die...

### ##.## ##...##
##.....##
##.......###
#...r....ยง.# #####
##.ee..r.#.####......
##.......ss.@...#
##r...##.##.....#
#.......##.###...##
#.###.#.##.# ...# #
#....##.. ...#
D###.#### ..## #. .#
..# # .# ... ..


You could see 2 redbacks and a hell rat (summoned).

Vanquished Creatures
  2 two-headed ogres
  Pikel (D:6)
  3 meliai (D:9)
  A hippogriff (D:12)
  A spriggan (D:7)
  A basilisk (D:8)
  3 wyverns (D:8)
  A fire elemental (D:11)
  A hungry ghost (D:10)
  An acid dragon (D:11)
  11 orc warriors
  2 sky beasts
  3 slaves (D:6)
  3 ice beasts
  2 phantoms
  A swamp drake (D:8)
  4 centaurs
  An ogre (D:8)
  3 big kobolds
  7 bullfrogs
  2 wyvern skeletons
  A scorpion (D:7)
  12 killer bees
  An electric eel (D:7)
  2 howler monkeys
  A centaur zombie (D:8)
  6 crimson imps
  A bullfrog zombie (D:7)
  A bullfrog skeleton (D:9)
  4 hounds
  3 centaur skeletons
  8 orc priests
  2 jellies
  13 orc wizards
  Ijyb (D:5)
  6 iguanas
  4 worker ants
  A statue (D:5)
  2 killer bee zombies (D:10)
  A hound skeleton (D:9)
  A worker ant zombie (D:5)
  4 gnolls (D:9)
  11 adders
  A howler monkey skeleton (D:7)
  5 shadow imps
  2 oozes
  4 adder zombies
  2 adder skeletons
  4 worms
  7 dart slugs
  5 leopard geckos
  38 orcs
  7 giant cockroaches
  10 goblins
  11 hobgoblins
  15 jackals
  36 kobolds
  5 quokkas
  10 bats
  3 frilled lizards
  A quokka skeleton (D:9)
  9 rats
  10 plants (D:6)
325 creatures vanquished.

Vanquished Creatures (collateral kills)
  An orc warrior (D:10)
  An orc (D:10)
2 creatures vanquished.

Vanquished Creatures (others)
  A slave (D:6)
  An orc wizard (D:6)
  An orc (D:6)
  A bat (D:1)
4 creatures vanquished.

Grand Total: 331 creatures vanquished

Notes
Turn   | Place    | Note
-------+----------+-------------------------------------------
     0 | D:1      | Artemis the Minotaur Fighter began the quest for the Orb.
     0 | D:1      | Reached XP level 1. HP: 19/19 MP: 0/0
   159 | D:1      | Reached XP level 2. HP: 27/27 MP: 1/1
   651 | D:1      | Reached XP level 3. HP: 33/33 MP: 2/2
  1216 | D:2      | Reached XP level 4. HP: 40/40 MP: 3/3
  1304 | D:2      | Reached skill level 1 in Short Blades
  1417 | D:2      | Found a white marble altar of Elyvilon.
  1979 | D:3      | Reached XP level 5. HP: 43/46 MP: 1/4
  1994 | D:3      | Reached skill level 5 in Armour
  2019 | D:3      | Reached skill level 5 in Shields
  2033 | D:3      | Reached XP level 6. HP: 27/53 MP: 2/5
  2292 | D:3      | Found a hide-covered altar of Uskayaw.
  2962 | D:4      | Found a staircase to the Ecumenical Temple.
  2969 | Temple   | Entered the Ecumenical Temple
  3163 | Temple   | Became a worshipper of Warmaster Okawaru
  3277 | D:4      | Reached skill level 1 in Dodging
  3672 | D:4      | Reached XP level 7. HP: 39/60 MP: 4/6
  3819 | D:4      | Got a scorched leather armour
  4038 | D:5      | Entered Level 5 of the Dungeon
  4148 | D:5      | Found a radiant altar of Vehumet.
  4389 | D:5      | Noticed Ijyb
  4426 | D:5      | Killed Ijyb
  4452 | D:5      | Reached skill level 5 in Short Blades
  4659 | D:5      | Identified the +6 war axe "Ewnuaf" {vorpal, rPois rC+}
  4672 | D:5      | Reached skill level 1 in Axes
  4730 | D:5      | Reached * piety under Okawaru
  4807 | D:5      | Reached skill level 5 in Fighting
  4807 | D:5      | Reached skill level 1 in Invocations
  4807 | D:5      | Reached XP level 8. HP: 59/68 MP: 5/7
  4875 | D:5      | Identified the +3 leather armour of the Elephant {rC+
                  | Int+4} (You found it on level 4 of the Dungeon)
  5029 | D:5      | Found a shimmering blue altar of Sif Muna.
  5282 | D:6      | Reached skill level 2 in Axes
  5468 | D:6      | Found Byffe's Food Boutique.
  5470 | D:6      | Reached skill level 3 in Axes
  5482 | D:6      | Noticed Pikel
  5515 | D:6      | Killed Pikel
  5515 | D:6      | Reached ** piety under Okawaru
  5515 | D:6      | Reached skill level 5 in Axes
  5521 | D:6      | Reached skill level 6 in Axes
  5682 | D:6      | Reached XP level 9. HP: 51/74 MP: 7/10
  5688 | D:6      | Found a glowing silver altar of Zin.
  5779 | D:6      | Learned a level 2 spell: Swiftness
  6283 | D:7      | Reached skill level 7 in Axes
  6612 | D:7      | Reached *** piety under Okawaru
  6974 | D:7      | Reached skill level 8 in Axes
  7139 | D:7      | Reached skill level 1 in Air Magic
  7150 | D:7      | Reached skill level 1 in Spellcasting
  7786 | D:7      | Found a blossoming altar of Fedhas.
  7849 | D:7      | Reached skill level 9 in Axes
  7849 | D:7      | Reached skill level 1 in Charms
  8396 | D:8      | Found Zaatuan's Armour Boutique.
  8566 | D:8      | Noticed a two-headed ogre
  8577 | D:8      | Reached XP level 10. HP: 79/83 MP: 11/11
  8598 | D:8      | Killed a two-headed ogre
  8598 | D:8      | Reached **** piety under Okawaru
  8598 | D:8      | Reached skill level 10 in Axes
  8680 | D:8      | Found a basalt altar of Yredelemnul.
  9201 | D:8      | Found a staircase to the Lair.
  9513 | D:9      | Found a staircase to the Orcish Mines.
  9573 | D:9      | Reached ***** piety under Okawaru
  9580 | D:9      | Reached skill level 11 in Axes
  9951 | D:9      | Found a white marble altar of Elyvilon.
  9951 | D:9      | Found a shadowy altar of Dithmenos.
 10273 | D:9      | Found a sacrificial altar of Ru.
 10279 | D:9      | Found a shattered altar of Ashenzari.
 10619 | D:10     | Entered Level 10 of the Dungeon
 10836 | D:10     | Received a gift from Okawaru
 10876 | D:10     | Reached XP level 11. HP: 91/91 MP: 13/13
 10881 | D:10     | Reached skill level 5 in Invocations
 10942 | D:10     | Noticed a two-headed ogre
 10948 | D:10     | Killed a two-headed ogre
 11846 | D:12     | You fall into a shaft and drop 3 floors!
 11846 | D:15     | Entered Level 15 of the Dungeon
 11846 | D:15     | Noticed an ogre mage
 11846 | D:15     | Noticed a two-headed ogre
 11846 | D:15     | Noticed a two-headed ogre
 11846 | D:15     | Noticed a two-headed ogre
 11847 | D:15     | Noticed a centaur warrior
 11852 | D:15     | Noticed a yaktaur captain
 11858 | D:15     | Noticed Agnes
 11875 | D:15     | Noticed a deep elf mage
 11881 | D:15     | HP: 4/91 [something (3)]
 11883 | D:15     | Slain by an unseen horror

Illustrated notes

Levels and vault maps discovered:
D:1:      shiori_shiawase, layout_basic, hex_large
D:2:      layout_basic, elyvilon_altar_4
D:3:      layout_loops_cross, eat_drink_and_be_merry_uskayaw
D:4:      layout_basic, temple_green
D:5:      layout_gridville, vehumet_statue, kennysheep_mini_moat, first_ration,
          uniq_ijyb
D:6:      kennysheep_kobold_camp, layout_basic, lemuel_doored_altar,
          serial_shops, nicolae_shop_temple_entry_statues_fountains, uniq_pikel
D:7:      wad_river_or_something, layout_basic, kennysheep_mini, the_bakery
D:8:      layout_basic, erik_lair_dragon, basic_altar, serial_shops,
          nicolae_shop_temple_entry_statues_fountains, disabler_island
D:9:      layout_small_grid, minitemple, gammafunk_temple_overflow_wave,
          orc_david_3, kennysheep_generic_room_10
D:10:     layout_basic
D:11:     erik_rubicon_a, layout_rooms, gammafunk_ghost_mausoleum,
          minmay_diamond_spiral, uniq_maurice
D:12:     layout_gridville, hangedman_corner_corridor
D:15:     grunt_enter_depths_giant_problem, layout_loops_corners,
          chequers_serial_rivers_micro_c, minmay_misc_feat_secret_circle,
          uniq_agnes
Temple:   nicolae_temple_figure_eight

Skill      XL: |  1  2  3  4  5  6  7  8  9 10 11 |
---------------+----------------------------------+-----
Armour         | 4 5 6 7 |  7.9
Fighting       | 4 5 6 |  6.8
Shields        | 4 5 6 7 8 |  8.2
Polearms       | 3 |  3.1
Short Blades   | 2 3 4 5 |  5.3
Dodging        | 1 |  1.5
Axes           | 1 6 9 11 | 11.9
Invocations    | 1 2 3 4 5 |  5.2
Air Magic      | 1 2 |  2.7
Spellcasting   | 1 2 |  2.5
Charms         | 1 2 |  2.6
Stealth        | |  0.2

Action                   |  1- 3 |  4- 6 |  7- 9 | 10-12 || total
-------------------------+-------+-------+-------+-------++-------
Melee: Trident           |    30 |       |       |       ||    30
       Headbutt          |    18 |    38 |    84 |    34 ||   174
       Dagger            |    93 |   224 |    37 |       ||   354
       Short sword       |       |       |    98 |       ||    98
       War axe           |       |       |   310 |   200 ||   510
Invok: Heroism           |       |       |       |     1 ||     1
  Use: Scroll            |     4 |     5 |     8 |     7 ||    24
       Potion            |       |     1 |     2 |     2 ||     5
  Eat: Chunk             |     1 |     6 |    15 |    12 ||    34
       Ration            |       |       |     1 |       ||     1
Armor: Scale mail        |    32 |    52 |    31 |       ||   115
       Ring mail         |       |       |    71 |    78 ||   149
Dodge: Dodged            |    18 |    44 |   100 |    72 ||   234
Block: Kite shield       |    43 |    63 |   186 |   153 ||   445
